 Dungeon Crawl Stone Soup version 0.17-a0-1582-ge6b0260 (webtiles) character file.

242 xiwix the Skirmisher (level 5, -6/43 HPs)
             Began as a Demonspawn Fighter on July 27, 2015.
             Was an Initiate of Gozag.
             Killed by divine providence
             ... invoked by an orc priest
              (11 damage)
             ... on level 5 of the Dungeon.
             The game lasted 00:02:39 (3701 turns).

xiwix the Skirmisher (Demonspawn Fighter)           Turns: 3701, Time: 00:02:40

Health: -6/43      AC:  6    Str: 17    XL:     5   Next: 82%
Magic:  5/5        EV:  8    Int: 10    God:    Gozag
Gold:   289        SH:  9    Dex: 12    Spells: 0 memorised, 4 levels left

rFire  . . .     SeeInvis .     j - +1 mace (crush)
rCold  . . .     Clarity  .     b - +0 scale mail
rNeg   + . .     SustAt   .     c - +0 shield
rPois  .         Gourm    .     (no helmet)
rElec  .         Spirit   .     (no cloak)
rCorr  .         Warding  .     (no gloves)
rMut   .         Stasis   .     (no boots)
MR     .....                    (no amulet)
Stlth  ..........               (no ring)
                                n - ring of positive energy

@: not resistant to hostile enchantments, extremely unstealthy
A: hooves 2, spiny 1
a: Potion Petition, Call Merchant, Bribe Branch, Renounce Religion


You were on level 5 of the Dungeon.
You worshipped Gozag.
Gozag was noncommittal.
You were hungry.

You visited 1 branch of the dungeon, and saw 5 of its levels.

You collected 317 gold pieces.
You paid 28 gold pieces to Gozag.

Inventory:

Hand weapons
 a - a +0 flail
 j - a +1 mace of crushing (weapon)
Armour
 b - a +0 scale mail (worn)
 c - a +0 shield (worn)
Jewellery
 n - a ring of positive energy (left hand)
Magical devices
 m - a wand of paralysis (13)
Scrolls
 f - 2 scrolls of enchant armour {unknown}
 g - 9 scrolls of remove curse {unknown}
 h - a scroll of teleportation {unknown}
 k - 5 scrolls of identify {unknown}
 l - a scroll of fear {unknown}
 p - a scroll of immolation {unknown}
 q - 2 scrolls of noise {unknown}
Potions
 d - a potion of might
 i - a potion of flight {unknown}
Comestibles
 e - 3 bread rations
 o - a slice of pizza
 r - a meat ration


   Skills:
 - Level 4.9 Fighting
 + Level 2.6 Maces & Flails
 - Level 2.6 Armour
 + Level 2.1 Dodging
 + Level 3.5 Shields


You had 4 spell levels left.
You didn't know any spells.

Dungeon Overview and Level Annotations

Branches:
Dungeon (5/15)
 Temple: D:4-7

Altars:
Gozag
Ru
Yredelemnul
The Shining One


Innate Abilities, Weirdness & Mutations

You have hoof-like feet.
You are partially covered in sharp spines.


Message History

You hit the orc priest but do no damage.
You kick the orc priest.
You hear a shout!
The orc priest looks braver for a moment. x2
Your shield and scale mail prevent you from hitting the orc priest.
You kick the orc priest.
The orc priest calls down the wrath of Beogh upon you.
Pain shoots through your body!
* * * LOW HITPOINT WARNING * * *
You take 1 damage, and have 9/43 hp.
You hit the orc priest but do no damage.
Your kick misses the orc priest. You block the orc priest's attack.
You sock the orc priest!
The orc priest mumbles some strange prayers to Beogh against you.
Pain shoots through your body!
* * * LOW HITPOINT WARNING * * *
The orc priest invokes the aid of Beogh against you.
Something smites you!
You die...
Your body crumbles into a pile of gold.

#
#.#####
#.o@.)#
#####.#
#.# #.#
#.# #.#
#.# #>#
#.#


You could see an orc priest.

Vanquished Creatures
  An orc priest (D:5)
  2 orc wizards
  A worker ant (D:4)
  3 adders (D:4)
  An ooze (D:3)
  3 worms
  2 giant geckos (D:1)
  7 orcs
  A ball python (D:2)
  9 bats
  A bat skeleton (D:3)
  6 giant cockroaches
  9 hobgoblins
  2 jackals (D:4)
  4 quokkas
  A ball python skeleton (D:4)
  A giant gecko skeleton (D:4)
  2 giant newts (D:1)
  9 goblins
  10 kobolds
  9 rats
84 creatures vanquished.

Notes
Turn   | Place    | Note
--------------------------------------------------------------
     0 | D:1      | xiwix the Demonspawn Fighter began the quest for the Orb.
     0 | D:1      | Reached XP level 1. HP: 18/18 MP: 1/1
   282 | D:1      | Gained mutation: You have large cloven feet. [demonic ancestry]
   282 | D:1      | Reached XP level 2. HP: 18/24 MP: 2/2
   606 | D:1      | Reached skill level 4 in Fighting
   908 | D:2      | Gained mutation: You have hoof-like feet. [demonic ancestry]
   908 | D:2      | Reached XP level 3. HP: 30/30 MP: 3/3
  1213 | D:2      | Found a glowing golden altar of the Shining One.
  1473 | D:2      | Found an opulent altar of Gozag.
  2050 | D:3      | Found a sacrificial altar of Ru.
  2535 | D:3      | Gained mutation: You are partially covered in sharp spines. [demonic ancestry]
  2535 | D:3      | Reached XP level 4. HP: 29/38 MP: 4/4
  2793 | D:2      | Became a worshipper of Gozag Ym Sagoz the Greedy
  2953 | D:4      | Found a basalt altar of Yredelemnul.
  3021 | D:4      | Reached skill level 1 in Dodging
  3266 | D:4      | Reached XP level 5. HP: 43/43 MP: 5/5
  3660 | D:5      | Entered Level 5 of the Dungeon
  3701 | D:5      | Killed from afar by an orc priest

Vault maps used:
D:1:      dpeg_arrival_court
D:2:      nicolae_overflow_hidden_temple, lemuel_crystal_altar
D:3:      hangedman_ru_absence, first_bread, kennysheep_generic_room_9
D:4:      lemuel_crystal_altar, serial_bayou_lake_a
D:5:      zin_treasury, temple_hall, nicolae_ossuary_entry_catacombs

Action                   |  1- 3 |  4- 6 || total
-------------------------+-------+-------++-------
Melee: Flail             |    53 |       ||    53
       Mace              |    96 |    65 ||   161
  Eat: Chunk             |     5 |       ||     5
       Fruit             |       |     4 ||     4
